 Dungeon Crawl Stone Soup version 0.17.0-73-gb648821 (webtiles) character file.

135 PossumBlood the Shield-Bearer (level 5, -1/42 HPs)
             Began as a Formicid Fighter on Dec 8, 2015.
             Slain by a giant newt (2 damage)
             ... on level 3 of the Dungeon.
             The game lasted 00:05:23 (1820 turns).

PossumBlood the Shield-Bearer (Formicid Fighter)    Turns: 1820, Time: 00:05:23

Health: -1/42      AC:  7    Str: 21    XL:     5   Next: 42%
Magic:  5/5        EV:  8    Int: 13    God:
Gold:   44         SH:  9    Dex: 10    Spells: 0 memorised, 4 levels left

rFire  . . .     SeeInvis +     a - +0 long sword
rCold  . . .     Clarity  .     b - +0 scale mail
rNeg   . . .     SustAt   .     c - +0 shield
rPois  .         Gourm    .     (helmet unavailable)
rElec  .         Spirit   .     (no cloak)
rCorr  .         Warding  .     (no gloves)
rMut   .         Stasis   +     (no boots)
MR     .....                    (no amulet)
Stlth  ..........               (no ring)
                                (no ring)

@: brilliant, not resistant to hostile enchantments, extremely unstealthy
A: permanent stasis, dig shafts and tunnels, four strong arms, antennae 3
a: Dig, Shaft Self


You were on level 3 of the Dungeon.
You were not hungry.

You visited 1 branch of the dungeon, and saw 3 of its levels.

You collected 44 gold pieces.

Inventory:

Hand Weapons
 a - a +0 long sword (weapon)
Armour
 b - a +0 scale mail (worn)
 c - a +0 shield (worn)
Jewellery
 j - a +4 ring of evasion {unknown}
 m - an uncursed amulet of warding {unknown}
Wands
 p - a wand of magic darts (14)
Scrolls
 f - 2 scrolls of identify {unknown}
 g - a scroll of recharging {unknown}
 i - a scroll of remove curse {unknown}
 n - a scroll of enchant armour {unknown}
Potions
 d - a potion of might
Comestibles
 e - 2 bread rations
 h - a slice of pizza
 l - a meat ration


   Skills:
 + Level 4.0 Fighting
 * Level 3.6 Long Blades
 + Level 4.0 Armour
 + Level 4.4 Shields


You had 4 spell levels left.
You didn't know any spells.

Dungeon Overview and Level Annotations

Branches:
Dungeon (3/15)

Altars:


Innate Abilities, Weirdness & Mutations

You are under a permanent stasis effect.
You can dig through walls and to a lower floor.
Your four strong arms can wield two-handed weapons with a shield.
You have a pair of large antennae on your head (SInv).


Message History

The quokka bites you but does no damage.
The orc hits you but does no damage. The giant newt closely misses you.
The orc wizard hits you but does no damage.
You closely miss the orc wizard.
The orc wizard is severely wounded.
The quokka bites you.
* * * LOW HITPOINT WARNING * * *
The orc wizard hits you but does no damage.
You block the hobgoblin's attack. The orc barely misses you.
You block the giant newt's attack.
You hit the orc wizard.
The orc wizard is severely wounded.
The orc wizard gestures at you while chanting.
The puff of flame hits you!
* * * LOW HITPOINT WARNING * * *
The quokka bites you but does no damage.
You block the orc wizard's attack. The hobgoblin hits you with a club.
* * * LOW HITPOINT WARNING * * *
The giant newt bites you.
You die...

#########
#.<.....#
#.#####.#
###.#####.##
####...oro.....
#......@#{.#..#
#.##.#log..(..#
# #....#.....#
###..##.#.##
#... ...# ...#
... #.## #.# #.
..


You could see an orc wizard (invisible), 2 orcs, a quokka, a hobgoblin and a
giant newt.

Vanquished Creatures
  An orc priest (D:3)
  Jessica (D:2)
  2 adders (D:2)
  A gnoll (D:1)
  A ball python (D:2)
  7 bats
  2 giant cockroaches
  14 hobgoblins
  4 jackals (D:1)
  A giant gecko (D:1)
  4 goblins
  7 kobolds
  6 rats
51 creatures vanquished.

Notes
Turn   | Place    | Note
--------------------------------------------------------------
     0 | D:1      | PossumBlood the Formicid Fighter began the quest for the Orb.
     0 | D:1      | Reached XP level 1. HP: 18/18 MP: 1/1
    60 | D:1      | Reached XP level 2. HP: 18/24 MP: 2/2
   236 | D:1      | Reached XP level 3. HP: 22/29 MP: 3/3
   265 | D:1      | Reached skill level 4 in Shields
  1205 | D:2      | Reached XP level 4. HP: 23/37 MP: 4/4
  1396 | D:2      | Noticed Jessica
  1401 | D:2      | Killed Jessica
  1543 | D:2      | Reached XP level 5. HP: 40/42 MP: 5/5
  1820 | D:3      | HP: 2/42 [orc wizard/puff of flame (7)]
  1820 | D:3      | Slain by a giant newt

Action                   |  1- 3 |  4- 6 || total
-------------------------+-------+-------++-------
Melee: Long sword        |   120 |    84 ||   204
  Use: Potion            |       |     4 ||     4
  Eat: Bread ration      |     1 |       ||     1
